 Dungeon Crawl Stone Soup version 0.30-a0-377-g5cb311bc9f (webtiles) character file.

Game seed: 3222118116995714046

1691 Elric the Fighter (level 8, -2/82 HPs)
             Began as a Minotaur Fighter on Nov 29, 2022.
             Was an Initiate of Ru.
             Slain by an orc warrior
             ... wielding a +0 flail
              (13 damage)
             ... on level 6 of the Dungeon.
             The game lasted 00:04:15 (4517 turns).

Elric the Fighter (Minotaur Fighter)                Turns: 4517, Time: 00:04:16

Health: -2/82      AC:  7    Str: 22    XL:     8   Next: 72%
Magic:  7/7        EV:  9    Int:  5    God:    Ru [......]
Gold:   247        SH:  0    Dex: 11    Spells: 7/7 levels left

rFire   . . .      SeeInvis .    n - +0 battleaxe
rCold   . . .      Faith    .    (shield currently unavailable)
rNeg    . . .      Spirit   .    b - +0 scale mail
rPois   .          Reflect  .    (helmet restricted)
rElec   .          Harm     .    (no cloak)
rCorr   .          Rampage  .    (no gloves)
Will    .....                    (no boots)
Stlth   ..........               (no amulet)
HPRegen 0.33/turn                (no ring)
MPRegen 0.10/turn                (no ring)

@: no status effects
A: horns 2, retaliatory headbutt
a: Renounce Religion


You were on level 6 of the Dungeon.
You worshipped Ru.
Ru was noncommittal.
You visited 2 branches of the dungeon, and saw 7 of its levels.
You also visited: Ossuary.

You collected 247 gold pieces.

Inventory:

Hand Weapons
 a - a +0 war axe
 n - a +0 battleaxe (weapon)
Missiles
 e - 3 throwing nets (quivered)
Armour
 b - a +0 scale mail (worn)
 c - a +0 buckler
 A - a +0 cloak
Jewellery
 y - a ring of flight
Wands
 z - a wand of flame (19)
Scrolls
 f - 8 scrolls of identify {unknown}
 g - a scroll of vulnerability {unknown}
 j - a scroll of poison {unknown}
 k - 3 scrolls of amnesia {unknown}
 m - a scroll of enchant weapon {unknown}
 r - 2 scrolls of magic mapping {unknown}
 s - a scroll of fear {unknown}
 t - 2 scrolls of noise {unknown}
 x - a scroll of blinking {unknown}
Potions
 d - a potion of might
 h - 5 potions of invisibility
 i - 2 potions of lignification {unknown}
 l - a potion of degeneration {unknown}
 o - a potion of experience {unknown}
 p - a potion of flight {unknown}
 q - 2 potions of brilliance {unknown}
 u - a potion of curing
 v - a potion of haste {unknown}
 w - 2 potions of resistance {unknown}
 B - a potion of heal wounds {unknown}


   Skills:
 * Level 11.3 Fighting
 + Level 8.0 Axes
 - Level 3.8 Armour
 - Level 3.8 Shields


You had 7 spell levels left.
You didn't know any spells.
Your spell library contained the following spells:

 Spells                   Type           Power      Damage    Failure   Level
 Slow                     Hex            0%         N/A       80%         1
 Blink                    Tloc           0%         N/A       90%         2
 Momentum Strike          Conj/Tloc      0%         3d8       90%         2
 Confusing Touch          Hex            0%         N/A       99%         3
 Frozen Ramparts          Ice            0%         1d1       99%         3
 Gell's Gravitas          Tloc           0%         N/A       99%         3
 Lesser Beckoning         Tloc           0%         N/A       99%         3
 Teleport Other           Tloc           0%         N/A       99%         3
 Tukima's Dance           Hex            0%         N/A       99%         3
 Vampiric Draining        Necr           0%         2d6       99%         3
 Ice Form                 Ice/Tmut       0%         N/A       100%        4
 Passage of Golubria      Tloc           0%         N/A       100%        4
 Summon Ice Beast         Ice/Summ       0%         N/A       100%        4
 Yara's Violent Unravell  Hex/Tmut       0%         3d3       100%        5
 Dispersal                Tloc           0%         N/A       100%        6


Dungeon Overview and Level Annotations

Branches:
Dungeon (6/15)             Temple (1/1) D:5         Ossuary (visited)

Altars:
Ashenzari
Cheibriados
Elyvilon
Fedhas
Kikubaaqudgha
Okawaru
Ru
Sif Muna
Trog
Vehumet
Wu Jian
Xom


Innate Abilities, Weirdness & Mutations

You have a pair of horns on your head.
You reflexively headbutt those who attack you in melee.


Message History

The orc warrior barely misses you. You furiously retaliate!
You headbutt the orc warrior.
You kill the orc warrior!
You slice the orc priest!!
You kill the orc priest!
Your Axes skill increases to level 8!
You closely miss the orc. The orc barely misses you. You furiously retaliate!
You headbutt the orc. The orc barely misses you.
You slice the orc!!
You kill the orc!
The adder bites you but does no damage.
You slash the adder!
You kill the adder!
The orc warrior hits you with a +0 flail!
Items here: ))) [[ ††.
You hit the orc warrior.
The orc warrior is lightly wounded.
The orc warrior barely misses you. x2
You closely miss the orc warrior. Your headbutt misses the orc warrior.
The orc warrior is lightly wounded.
The orc warrior hits you with a +0 flail!
* * * LOW HITPOINT WARNING * * *
An orc comes into view. It is wielding a +0 club.
You barely miss the orc warrior.
The orc shouts!
Your headbutt misses the orc warrior.
The orc warrior is lightly wounded.
The orc wizard mumbles some strange words.
The orc wizard flickers and vanishes!
Deactivating autopickup; reactivate with Ctrl-A.
The orc warrior hits you with a +0 flail.
* * * LOW HITPOINT WARNING * * *
You closely miss the orc warrior.
The orc warrior is lightly wounded.
The orc warrior hits you with a +0 flail.
* * * LOW HITPOINT WARNING * * *
You hit the orc warrior but do no damage.
The orc warrior is lightly wounded.
The orc warrior hits you with a +0 flail!
You die...

##.####### #.#
##.####### ###
.........# #..
##.#####.# #.# #.# #.#
#.# #.# #.# #.#
##.#####.###.#######.##
##..........#...@o{o..#
...#####.###.#######..#
##.# #.# #.# ##.# #.#
#.. ##.# #.# ##.#
##.#####.# .#
.........# .#
########## .# .


You could see an orc warrior and an orc.

Vanquished Creatures
  Duvessa (D:5)
  An ice beast (D:5)
  An orc warrior (D:6)
  A centaur (D:5)
  An ogre (D:5)
  The ghost of haemogoblin the Cutter, an amateur KoCK of Xom (D:3)
  3 elf zombies (Ossuary)
  A phantom (D:5)
  A necrophage (D:4)
  4 scorpions
  Dowan (D:5)
  2 centaur zombies (Ossuary)
  A jelly (D:4)
  A human zombie (Ossuary)
  3 orc priests
  3 orc wizards
  An iguana (D:5)
  3 mummies (Ossuary)
  5 adders
  2 adder zombies (Ossuary)
  3 worms
  25 orcs
  6 ball pythons
  7 endoplasms
  2 giant cockroaches
  9 goblins
  4 hobgoblins
  4 jackals
  6 quokkas
  6 bats
  5 frilled lizards
  3 gnoll zombies (Ossuary)
  A goblin zombie (Ossuary)
  3 hobgoblin zombies (Ossuary)
  4 jackal zombies (Ossuary)
  8 kobolds
  3 kobold zombies (Ossuary)
  An orc zombie (Ossuary)
  5 quokka zombies (Ossuary)
  4 rats
  6 rat zombies (Ossuary)
152 creatures vanquished.

Vanquished Creatures (others)
  A fungus (D:1)
  3 plants (D:1)
4 creatures vanquished.

Grand Total: 156 creatures vanquished

Notes
Turn   | Place    | Note
-------+----------+-------------------------------------------
     0 | D:1      | Elric the Minotaur Fighter began the quest for the Orb.
     0 | D:1      | Reached XP level 1. HP: 19/19 MP: 0/0
    41 | D:1      | Reached XP level 2. HP: 22/27 MP: 1/1
    96 | D:1      | Reached skill level 4 in Fighting
   357 | D:1      | Found a faded altar of an unknown god.
   671 | D:2      | Reached XP level 3. HP: 34/34 MP: 2/2
  1383 | D:3      | Reached skill level 5 in Fighting
  1392 | D:3      | HP: 1/36 [orc/+0 hand axe (1)]
  1394 | D:3      | Reached XP level 4. HP: 10/42 MP: 3/3
  1955 | D:3      | Found a large runed translucent door.
  1958 | D:3      | Found a large runed translucent door.
  1962 | D:3      | Noticed haemogoblin's ghost (amateur KoCK)
  2096 | D:3      | Killed haemogoblin's ghost
  2097 | D:3      | Reached skill level 6 in Fighting
  2097 | D:3      | Reached XP level 5. HP: 38/51 MP: 4/4
  2212 | D:4      | Found a sand-covered staircase.
  2217 | Ossuary  | Entered an ossuary
  2339 | Ossuary  | Reached skill level 7 in Fighting
  2339 | Ossuary  | Reached XP level 6. HP: 54/60 MP: 5/5
  2387 | Ossuary  | Reached skill level 5 in Axes
  2528 | Ossuary  | Reached skill level 8 in Fighting
  2528 | Ossuary  | Reached XP level 7. HP: 47/68 MP: 6/6
  3036 | D:4      | Found a broken altar of Ashenzari.
  3086 | D:4      | Reached skill level 9 in Fighting
  3249 | D:5      | Entered Level 5 of the Dungeon
  3249 | D:5      | Noticed Duvessa
  3249 | D:5      | Noticed Dowan
  3253 | D:5      | Killed Duvessa
  3441 | D:5      | Killed Dowan
  3568 | D:5      | Found a staircase to the Ecumenical Temple.
  3575 | D:5      | Reached XP level 8. HP: 57/79 MP: 7/7
  3589 | Temple   | Entered the Ecumenical Temple
  3596 | Temple   | Became a worshipper of Ru the Awakened
  3755 | D:5      | Reached skill level 10 in Fighting
  3861 | D:5      | Found a snail-covered altar of Cheibriados.
  4109 | D:5      | Found a white marble altar of Elyvilon.
  4109 | D:5      | Found an iron altar of Okawaru.
  4114 | D:5      | Found a shimmering altar of Xom.
  4136 | D:5      | Found a blossoming altar of Fedhas.
  4138 | D:5      | Found a shimmering blue altar of Sif Muna.
  4143 | D:5      | Found a bloodstained altar of Trog.
  4449 | D:6      | Reached skill level 11 in Fighting
  4517 | D:6      | Slain by an orc warrior

Illustrated notes

Levels and vault maps discovered:
D:1:      onia_arrival_pyramid, layout_basic,
          shapermc_ecumenical_altar_mp_ritualfount
D:2:      layout_loops_ring
D:3:      layout_basic, ebering_ghost_disaster_area,
          corexii_item_surrounded_by_moat, amcnicky_mini_corridor_feature,
          chequers_serial_rivers_marsh
D:4:      layout_rooms, mainiacjoe_overflow_six_doors_small,
          nicolae_ossuary_entry_plus, dk_noncrumbling_3
D:5:      layout_loops_ring, mainiacjoe_overflow_tiny_flanked,
          nicolae_overflow_hallway_of_the_gods,
          minmay_temple_entry_statues_fountains, uniq_duvessa
D:6:      layout_loops_ring
Temple:   nicolae_temple_bog_church

Skill      XL: |  1  2  3  4  5  6  7  8 |
---------------+-------------------------+-----
Fighting       | 4 5 6 7 8 9 11 | 11.3
Axes           | 3 4 5 6 8 |  8.0
Armour         | |  3.8
Shields        | |  3.8

Action                   |  1- 3 |  4- 6 |  7- 9 || total
-------------------------+-------+-------+-------++-------
Melee: War axe           |    85 |     7 |       ||    92
       Headbutt          |    10 |    28 |    16 ||    54
       Battleaxe         |       |   131 |   131 ||   262
  Use: Potion            |     2 |       |       ||     2
Armor: Scale mail        |    41 |    79 |    66 ||   186
Dodge: Dodged            |    43 |    50 |    71 ||   164
Block: Buckler           |    14 |     1 |       ||    15

Table legend: (Time is in decaauts)
 A = Elapsed time spent in this place.
 B = Non-inter-level travel time spent in this place.
 C = Inter-level travel time spent in this place.
 D = Time resting spent in this place.
 E = Time spent auto-exploring this place.
 F = Levels seen in this place.
 G = Mean time per level.
                   A        B        C        D        E       F      G
               +--------+--------+--------+--------+--------+-----+--------+
         Total |   4664 |   4476 |    188 |    309 |   3263 |   8 |  583.0 |
       Dungeon |   4132 |   3956 |    176 |    309 |   2956 |   6 |  688.7 |
        Temple |     14 |      3 |     11 |      0 |      0 |   1 |   14.0 |
       Ossuary |    518 |    518 |      0 |      0 |    307 |   1 |  518.0 |
               +--------+--------+--------+--------+--------+-----+--------+

Top non-repeatable levels by time:
     D:3: 852 daAuts
     D:5: 837 daAuts
     D:4: 777 daAuts
     D:2: 717 daAuts
     D:1: 668 daAuts
 Ossuary: 518 daAuts
     D:6: 278 daAuts
  Temple: 14 daAuts
